 Dungeon Crawl Stone Soup version 0.31-a0-1059-g83d41fd8b6 (webtiles) character file.

Game seed: 3644115874554259968

18022 Gumption the Nimble (level 12, -6/84 HPs)
             Began as a Djinni Fire Elementalist on Nov 21, 2023.
             Was a Priest of Hepliaklqana.
             Mangled by a two-headed ogre
             ... wielding a +0 giant spiked club
              (14 damage)
             ... on level 12 of the Dungeon.
             The game lasted 02:27:39 (16429 turns).

Gumption the Nimble (Djinni Fire Elementalist)     Turns: 16429, Time: 02:27:39

Health: -6/84      AC: 17    Str:  7    XL:     12   Next: 89%
Gold:   556        EV: 18    Int: 22    God:    Hepliaklqana [***...] SH:  0 Dex: 17

rFire   + + .        a - staff of conjuration
rCold   x . .        (no shield)
rNeg    . . .        m - +0 troll leather armour
rPois   ∞            N - +0 helmet
rElec   .            F - +0 cloak
rCorr   .            K - +0 pair of gloves
SInv    .            (boots unavailable)
Will    +....        (no amulet)
Stlth   ++           W - ring "Yxuidag" {Wiz Dex+3 Slay+3}
HPRegen 1.14/turn    d - +4 ring of protection
MPRegen 0.00/turn

%: wizardry (x1), infuse magic (-7 HP)
@: ice-armoured, freezing walls, flying
A: reduced essence, sickness immunity, fire resistance 2, cold vulnerability 1,
float, innate caster, HP casting, extra vitality 1
a: Renounce Religion, Recall Ancestor, Ancestor Identity, Transference


You were on level 12 of the Dungeon.
You worshipped Hepliaklqana.
Hepliaklqana was most pleased with you.
You visited 2 branches of the dungeon, and saw 13 of its levels.

You collected 658 gold pieces.
You spent 102 gold pieces at shops.

Inventory:

Hand Weapons
 b - a +0 dagger of holy wrath
 o - the +0 sling of Conservatism {flame, rElec Will+ Int+3}
   (You found it on level 12 of the Dungeon)

   Int+3:     It affects your intelligence (+3).
   rElec:     It insulates you from electricity.
   Will+:     It increases your willpower.
 M - a +2 whip of venom
Missiles
 v - 10 poisoned darts
 P - a curare-tipped dart
Armour
 m - a +0 troll leather armour (worn)
 F - a +0 cloak (worn)
 K - a +0 pair of gloves (worn)
 L - a +2 leather armour of willpower
 N - a +0 helmet (worn)
Magical Staves
 a - a staff of conjuration (weapon)
Jewellery
 d - a +4 ring of protection (right hand)
 i - a +6 ring of intelligence
 S - a ring of willpower
 W - the ring "Yxuidag" (left hand) {Wiz Dex+3 Slay+3}
   (You found it on level 9 of the Dungeon)

   [ring of wizardry]

   Wiz:       It improves your spell success rate.
   Dex+3:     It affects your dexterity (+3).
   Slay+3:    It affects your accuracy & damage with ranged weapons and melee
   (+3).
Wands
 q - a wand of flame (47)
 t - a wand of quicksilver (9)
 G - a wand of mindburst (18)
 H - a wand of iceblast (8)
 J - a wand of polymorph (17)
 U - a wand of charming (7)
Scrolls
 c - 3 scrolls of poison
 f - a scroll of fear
 h - 3 scrolls of revelation
 j - a scroll of blinking
 k - a scroll of butterflies {unknown}
 r - 4 scrolls of teleportation
 s - a scroll of enchant weapon {unknown}
 x - a scroll of acquirement {unknown}
 y - 2 scrolls of fog {unknown}
 C - a scroll of noise {unknown}
 D - 2 scrolls of enchant armour {unknown}
 Q - a scroll of vulnerability {unknown}
 T - a scroll of torment {unknown}
 X - 3 scrolls of amnesia {unknown}
Potions
 e - 3 potions of curing
 g - 2 potions of resistance
 l - 4 potions of brilliance
 n - 2 potions of ambrosia
 u - a potion of enlightenment
 z - a potion of degeneration {unknown}
 A - 2 potions of might
 B - 4 potions of heal wounds
 E - 2 potions of lignification
 I - a potion of mutation {unknown}
 O - a potion of haste {unknown}
 R - 2 potions of berserk rage {unknown}
 Y - 2 potions of attraction {unknown}


   Skills:
 + Level 11.2 Fighting
 + Level 12.4 Dodging
 - Level 1.5 Stealth
 + Level 9.9 Spellcasting
 + Level 9.9 Conjurations
 + Level 9.9 Hexes
 + Level 9.9 Summonings
 + Level 9.9 Necromancy
 + Level 9.9 Translocations
 + Level 9.9 Transmutations
 + Level 9.9 Fire Magic
 + Level 9.9 Ice Magic
 + Level 9.9 Air Magic
 + Level 9.9 Earth Magic
 + Level 9.9 Poison Magic
 + Level 2.5 Invocations


You knew the following spells:

 Your Spells              Type           Power      Damage    Failure   Level
a - Foxfire               Conj/Fire      100%       2x1d9     1%          1
b - Scorch                Fire           100%       2d9       1%          2
c - Volatile Blastmotes   Fire/Tloc      100%       2d18      1%          3
d - Inner Flame           Hex/Fire       53%        N/A       1%          3
e - Flame Wave            Conj/Fire      70%        2d16      1%          4
f - Magic Dart            Conj           100%       1d8       1%          1
g - Blink                 Tloc           100%       N/A       1%          2
h - Ozocubu's Armour      Ice            53%        N/A       1%          3
i - Frozen Ramparts       Ice            100%       1d16      1%          3
j - Summon Mana Viper     Hex/Summ       53%        N/A       1%          5
Your spell library was empty.

Dungeon Overview and Level Annotations

Branches:
Dungeon (12/15)            Temple (1/1) D:7            Lair (0/5) D:11
    Orc (0/2) D:9

Altars:
Ashenzari
Cheibriados
Dithmenos
Elyvilon
Fedhas
Gozag
Hepliaklqana
Makhleb
Nemelex Xobeh
Okawaru
Qazlal
Ru
Trog
Uskayaw
Wu Jian
Xom
Yredelemnul
Zin
The Shining One

Shops:
D:1 [   D:3 (   D:12 *

Annotations:
D:8 2 transporters, kskgo's ghost, novice DjFE
D:9 2 transporters
D:10 3 runed translucent doors, Conn's ghost, journeyman OpFE


Innate Abilities, Weirdness & Mutations

Your life essence is reduced to manifest your ancestor. (-10% HP)
You are immune to sickness and miasma.
You are immune to poison.
Your flesh is very heat resistant. (rF++)
You are vulnerable to cold. (rC-)
You float through the air rather than walking.
You learn spells naturally, not from books.
Your magical power is your life essence.
You have superior vitality. (+4 MHP)


Message History

Casting: Frozen Ramparts (safe; 1% risk of failure)
Press: ? - help, Dir - look around, f - activate The walls around you are covered in ice.
* * * LOW HITPOINT WARNING * * *
The wall freezes the vampire mosquito. x2
The vampire mosquito barely misses you.
The wall freezes the vampire mosquito. x2
The vampire mosquito barely misses you.
Casting: Frozen Ramparts (safe; 1% risk of failure)
Confirm with . or Enter, or press ? or * to list all spells.
You cannot sustain more frozen ramparts right now.
Casting: Frozen Ramparts (safe; 1% risk of failure)
Confirm with . or Enter, or press ? or * to list all spells.
A film of ice covers your body!
* * * LOW HITPOINT WARNING * * *
The wall freezes the vampire mosquito. x2
The vampire mosquito closely misses you.
The wall freezes the two-headed ogre!
The wall freezes the vampire mosquito!
The wall freezes the vampire mosquito.
The vampire mosquito bites you but does no damage.
The wall freezes the vampire mosquito.
The wall freezes the vampire mosquito!
You destroy the vampire mosquito!
The wall freezes the two-headed ogre.
The wall freezes the vampire mosquito.
Two slime creatures merge to form a large slime creature.
Casting: Ozocubu's Armour (safe; 1% risk of failure)
Confirm with . or Enter, or press ? or * to list all spells.
Flames lash the two-headed ogre.
The two-headed ogre is heavily wounded.
The two-headed ogre's fire resistance burns away.
* * * LOW HITPOINT WARNING * * *
The wall freezes the vampire mosquito.
The wall freezes the two-headed ogre.
The two-headed ogre hits you with a +0 giant spiked club.
* * * LOW HITPOINT WARNING * * *
The two-headed ogre hits you but does no damage.
The wall freezes the vampire mosquito.
You feel much better.
The wall freezes the vampire mosquito.
The wall freezes the two-headed ogre!
The two-headed ogre hits you with a +0 giant spiked club!
* * * LOW HITPOINT WARNING * * *
The two-headed ogre hits you with a +0 giant spiked club!
You die...

........# #... ........#
#... ........# #...
........# #...
....JO.J##############...
...J.###.................
... #y...........#.... .
#O##.....#........
#@##..#...........
#.................
##+####...##.....#
#.##..##..#. #......###..
#.......∩... #......###..
#.##..#.###. #...##.....#


You could see a large slime creature, a two-headed ogre (combustible) and a
vampire mosquito.

Vanquished Creatures
  2 two-headed ogres
  Urug (D:11)
  Amaemon (D:11)
  A flayed ghost (D:9)
  Pikel (D:6)
  A manticore (D:11)
  An ugly thing (D:11)
  A gargoyle (D:12)
  An orange demon (D:11)
  2 komodo dragons
  4 trolls
  Prince Ribbit (D:6)
  A raiju (D:12)
  A slime creature (D:12)
  A wyvern (D:8)
  2 shadows (D:9)
  A vampire (D:10)
  5 wraiths
  6 yaks
  Eustachio (D:6)
  A basilisk (D:11)
  14 fire bats (D:9)
  2 vampire mosquitoes (D:12)
  Menkaure (D:7)
  10 wargs (D:12)
  A hell hound (D:12)
  2 orc warriors
  A water moccasin (D:7)
  2 sky beasts (D:7)
  2 ice beasts
  4 centaurs
  An ogre (D:5)
  2 wolves (D:11)
  3 lemures (D:6)
  2 scorpions
  3 wights (D:9)
  15 killer bees
  2 vampire bats (D:3)
  4 electric eels (D:11)
  2 howler monkeys
  7 hounds
  An orc priest (D:3)
  2 jellies (D:5)
  2 gnoll boudas
  Crazy Yiuf (D:6)
  3 iguanas
  2 sleepcaps
  7 orc wizards
  9 gnolls
  6 adders
  2 white imps (D:7)
  4 ufetubi
  3 worms
  3 dart slugs (D:1)
  21 orcs
  4 bat skeletons (D:3)
  3 bat zombies (D:3)
  7 endoplasms
  4 goblins
  6 hobgoblins
  6 jackals (D:4)
  11 kobolds
  6 quokkas
  8 ball pythons
  54 bats
  7 frilled lizards
  5 rats
303 creatures vanquished.

Vanquished Creatures (collateral kills)
  An unseen horror (D:11)
  A kobold demonologist (D:11)
  Grinder (D:3)
  A vampire (D:12)
  3 yaks (D:9)
  2 wargs (D:12)
  2 orc warriors (D:12)
  A kobold brigand (D:9)
  A bullfrog (D:9)
  3 iguanas (D:11)
  3 orc wizards
  4 orcs
  5 kobolds (D:9)
  26 bats (D:9)
  A frilled lizard (D:11)
  2 foxfires (D:1)
57 creatures vanquished.

Vanquished Creatures (others)
  5 ancestors (D:9)
  5 knights
  A frilled lizard (D:11)
  534 foxfires
545 creatures vanquished.

Grand Total: 905 creatures vanquished

Notes
Turn   | Place    | Note
-------+----------+-------------------------------------------
     0 | D:1      | Gumption the Djinni Fire Elementalist began the quest for
                  | the Orb.
     0 | D:1      | Gumption set off with the following spells memorised:
                  | Foxfire, Scorch, Volatile Blastmotes, Inner Flame, Flame
                  | Wave.
     0 | D:1      | Reached XP level 1. HP: 15/15 MP: 0/0
   153 | D:1      | Found a faded altar of an unknown god.
   161 | D:1      | Reached XP level 2. HP: 19/22 MP: 0/0
   226 | D:1      | Found Olaog's Antique Armour Emporium.
   519 | D:1      | Reached XP level 3. HP: 25/26 MP: 0/0
   519 | D:1      | Learned a level 1 spell: Magic Dart
   539 | D:1      | Reached skill level 1 in Fighting
  1416 | D:2      | Reached XP level 4. HP: 32/32 MP: 0/0
  1506 | D:2      | Reached skill level 3 in Dodging
  1903 | D:3      | Noticed Grinder
  2076 | D:3      | Reached XP level 5. HP: 30/38 MP: 0/0
  2076 | D:3      | Learned a level 2 spell: Blink
  2259 | D:3      | Found Giason's Weapon Emporium.
  2431 | D:3      | Reached XP level 6. HP: 21/45 MP: 0/0
  2742 | D:3      | Found a white marble altar of Elyvilon.
  3060 | D:4      | Reached skill level 4 in Dodging
  3459 | D:1      | Bought a dazzling robe for 102 gold pieces
  3459 | D:1      | Identified the +0 robe of Gonats {Will+ Int+6} (You bought
                  | it in a shop on level 1 of the Dungeon)
  4122 | D:5      | Entered Level 5 of the Dungeon
  4146 | D:5      | Reached XP level 7. HP: 46/50 MP: 0/0
  4146 | D:5      | Learned a level 3 spell: Ozocubu's Armour
  4404 | D:5      | Reached skill level 5 in Spellcasting
  4404 | D:5      | Reached skill level 5 in Conjurations
  4404 | D:5      | Reached skill level 5 in Hexes
  4404 | D:5      | Reached skill level 5 in Summonings
  4404 | D:5      | Reached skill level 5 in Necromancy
  4404 | D:5      | Reached skill level 5 in Translocations
  4404 | D:5      | Reached skill level 5 in Transmutations
  4404 | D:5      | Reached skill level 5 in Fire Magic
  4404 | D:5      | Reached skill level 5 in Ice Magic
  4404 | D:5      | Reached skill level 5 in Air Magic
  4404 | D:5      | Reached skill level 5 in Earth Magic
  4404 | D:5      | Reached skill level 5 in Poison Magic
  4616 | D:6      | Noticed Eustachio
  4633 | D:6      | Killed Eustachio
  4634 | D:6      | Reached skill level 5 in Dodging
  4634 | D:6      | Reached XP level 8. HP: 16/58 MP: 0/0
  4878 | D:6      | Noticed Pikel
  4899 | D:6      | Killed Pikel
  5140 | D:6      | Noticed Prince Ribbit
  5146 | D:6      | Killed Prince Ribbit
  5147 | D:6      | Reached skill level 5 in Fighting
  5147 | D:6      | Reached skill level 6 in Dodging
  5147 | D:6      | Reached XP level 9. HP: 54/65 MP: 0/0
  5147 | D:6      | Learned a level 3 spell: Frozen Ramparts
  5671 | D:6      | Found a runed translucent door.
  5672 | D:6      | Noticed Crazy Yiuf
  5677 | D:6      | Killed Crazy Yiuf
  5952 | D:7      | Found a staircase to the Ecumenical Temple.
  5960 | Temple   | Entered the Ecumenical Temple
  6061 | Temple   | Became a worshipper of Hepliaklqana the Forgotten
  6710 | D:7      | Noticed Menkaure
  6714 | D:7      | Killed Menkaure
  6839 | D:7      | Reached skill level 7 in Dodging
  7638 | D:8      | Noticed a cyclops
  7734 | D:8      | Reached XP level 10. HP: 63/73 MP: 0/0
  8092 | D:8      | Found a glowing silver altar of Zin.
  8402 | D:8      | Reached skill level 8 in Dodging
  8479 | D:8      | Noticed kskgo's ghost (novice DjFE)
  8635 | D:8      | Found a transporter.
  8642 | D:8      | Found a transporter.
  8879 | D:9      | Found a staircase to the Orcish Mines.
  8883 | D:9      | Reached * piety under Hepliaklqana
  8899 | D:9      | Found a shimmering altar of Xom.
  9063 | D:9      | Noticed a deep elf pyromancer
  9064 | D:9      | Found a glowing golden altar of the Shining One.
  9064 | D:9      | Noticed a centaur warrior
  9065 | D:9      | Found a transporter.
  9130 | D:9      | Found a transporter.
  9286 | D:9      | Found an iron altar of Okawaru.
  9315 | D:9      | Reached skill level 9 in Dodging
  9420 | D:9      | Reached XP level 11. HP: 56/72 MP: 0/0
  9420 | D:9      | Learned a level 5 spell: Summon Mana Viper
  9482 | D:9      | Found a runed translucent door.
  9484 | D:9      | Found a broken altar of Ashenzari.
  9495 | D:9      | Noticed a flayed ghost
  9557 | D:9      | Found a bloodstained altar of Trog.
  9570 | D:9      | Found a glowing silver altar of Zin.
  9957 | D:9      | Found a sparkling altar of Nemelex Xobeh.
  9961 | D:9      | Reached skill level 10 in Dodging
 10035 | D:9      | Reached ** piety under Hepliaklqana
 10036 | D:9      | Remembered your ancestor Lufti as a knight
 10574 | D:9      | Killed a flayed ghost
 10583 | D:9      | Identified the ring "Yxuidag" {Wiz Dex+3 Slay+3}
 10713 | D:10     | Entered Level 10 of the Dungeon
 10713 | D:10     | Noticed a two-headed ogre
 10718 | D:10     | Killed a two-headed ogre
 11288 | D:10     | Found a runed translucent gate.
 11289 | D:10     | Found a runed translucent gate.
 11290 | D:10     | Found a runed translucent gate.
 11292 | D:10     | Noticed Conn's ghost (journeyman OpFE)
 13836 | D:3      | Found Giason's Weapon Emporium.
 13860 | D:3      | Found a white marble altar of Elyvilon.
 13941 | D:3      | Killed Grinder
 14599 | D:11     | Reached skill level 11 in Dodging
 14800 | D:11     | Noticed a two-headed ogre
 14806 | D:11     | Killed a two-headed ogre
 14807 | D:11     | Reached skill level 10 in Fighting
 14807 | D:11     | Reached XP level 12. HP: 74/81 MP: 0/0
 14932 | D:11     | Noticed Amaemon
 14941 | D:11     | Killed Amaemon
 14944 | D:11     | Noticed Urug
 14954 | D:11     | Killed Urug
 15570 | D:11     | Reached skill level 12 in Dodging
 15639 | D:11     | Reached *** piety under Hepliaklqana
 15664 | D:11     | Found a staircase to the Lair.
 15843 | D:12     | Found Ixzo's Neck Hole.
 16043 | D:12     | Identified the +0 sling of Conservatism {flame, rElec Will+
                  | Int+3}
 16096 | D:12     | Noticed a two-headed ogre
 16096 | D:12     | Noticed a two-headed ogre
 16139 | D:12     | Reached skill level 1 in Invocations
 16232 | D:12     | Noticed a two-headed ogre
 16411 | D:12     | Noticed a two-headed ogre
 16428 | D:12     | HP: 2/84 [two-headed ogre/+0 giant spiked club (5)]
 16429 | D:12     | Mangled by a two-headed ogre

Illustrated notes

Levels and vault maps discovered:
D:1:      psy_arrival_fountain, layout_basic, shapermc_ecumenical_altar_venn,
          serial_shops, shop
D:2:      layout_loops_ring
D:3:      layout_rooms, kennysheep_vampire_church,
          lemuel_coloured_pillars_altar, old_standard_altar, serial_shops, shop,
          bh_walls_and_bars, uniq_grinder
D:4:      layout_basic, nrook_uturn
D:5:      layout_basic
D:6:      layout_loops_ring, uniq_prince_ribbit1, uniq_pikel,
          uniq_crazy_yiuf_cottage, uniq_eustachio
D:7:      layout_basic, minmay_temple_entry_drinking_statues, uniq_menkaure
D:8:      layout_loops_ring, kennysheep_mini_moat, gammafunk_ghost_arena
D:9:      due_megacathedral, layout_irregular_city,
          gammafunk_temple_overflow_arena, lemuel_round_altar
D:10:     layout_loops_ring, ebering_ghost_rock_garden
D:11:     layout_cave_pools, erik_lair_island, minmay_lizard_king, uniq_urug,
          uniq_amaemon
D:12:     lemuel_castle_with_subvaults [lemuel_castle_interior_carwin_3],
          layout_stronghold, minmay_misc_feat_tower,
          nicolae_shop_sticking_my_neck_out, uniq_psyche
Temple:   eino_temple_rhombus

Skill      XL: |  1  2  3  4  5  6  7  8  9 10 11 12 |
---------------+-------------------------------------+-----
Spellcasting   | 4 5 6 7 8 9 |  9.9
Conjurations   | 4 5 6 7 8 9 |  9.9
Hexes          | 4 5 6 7 8 9 |  9.9
Summonings     | 4 5 6 7 8 9 |  9.9
Necromancy     | 4 5 6 7 8 9 |  9.9
Translocations | 4 5 6 7 8 9 |  9.9
Transmutations | 4 5 6 7 8 9 |  9.9
Fire Magic     | 4 5 6 7 8 9 |  9.9
Ice Magic      | 4 5 6 7 8 9 |  9.9
Air Magic      | 4 5 6 7 8 9 |  9.9
Earth Magic    | 4 5 6 7 8 9 |  9.9
Poison Magic   | 4 5 6 7 8 9 |  9.9
Fighting       | 1 2 3 5 6 8 10 11 | 11.2
Dodging        | 3 4 5 6 7 9 11 12 | 12.4
Invocations    | 2 |  2.5
Stealth        | |  1.5

Action                     |  1- 3 |  4- 6 |  7- 9 | 10-12 || total
---------------------------+-------+-------+-------+-------++-------
  Melee: Unarmed           |     6 |       |       |       ||     6
         Staff             |     7 |       |       |    31 ||    38
         Dagger            |     1 |       |       |       ||     1
   Cast: Foxfire           |    49 |    83 |    58 |   138 ||   328
         Scorch            |       |     9 |    56 |   156 ||   221
         Blink             |       |       |     2 |       ||     2
         Magic Dart        |       |       |    19 |    70 ||    89
         Flame Wave        |       |       |    10 |       ||    10
         Ozocubu's Armour  |       |       |     8 |    16 ||    24
         Frozen Ramparts   |       |       |     2 |    19 ||    21
         Summon Mana Viper |       |       |       |    12 ||    12
 Invoke: Ancestor Identity |       |       |       |     1 ||     1
         Ancestor Life: Kn |       |       |       |     1 ||     1
    Use: Scroll            |       |     3 |     5 |     5 ||    13
         Potion            |       |       |       |     1 ||     1
 Armour: Robe              |    19 |    39 |    59 |     2 ||   119
         Leather armour    |       |       |       |   108 ||   108
         Troll leather arm |       |       |       |    16 ||    16
  Dodge: Dodged            |    12 |    30 |    78 |   160 ||   280

Table legend: (Time is in decaauts)
 A = Elapsed time spent in this place.
 B = Non-inter-level travel time spent in this place.
 C = Inter-level travel time spent in this place.
 D = Time resting spent in this place.
 E = Time spent auto-exploring this place.
 F = Levels seen in this place.
 G = Mean time per level.
                   A        B        C        D        E       F      G
               +--------+--------+--------+--------+--------+-----+--------+
         Total |  16452 |  15281 |   1171 |   3308 |   5713 |  13 | 1265.5 |
       Dungeon |  15736 |  14565 |   1171 |   2693 |   5713 |  12 | 1311.3 |
        Temple |    716 |    716 |      0 |    615 |      0 |   1 |  716.0 |
               +--------+--------+--------+--------+--------+-----+--------+

Top non-repeatable levels by time:
     D:4: 3131 daAuts
     D:9: 1955 daAuts
     D:3: 1600 daAuts
     D:8: 1418 daAuts
     D:1: 1200 daAuts
    D:11: 1178 daAuts
     D:7: 1116 daAuts
    D:10: 912 daAuts
     D:2: 904 daAuts
     D:5: 869 daAuts
     D:6: 828 daAuts
  Temple: 716 daAuts
    D:12: 620 daAuts
